| TOP OF THE 1ST |
|
Trenton Thunder batting - Pitching for New Hampshire Fisher Cats : RHP Alberto Negrete
|
|
Pitching: RHP Alberto Negrete
|
|
|
Batting: LHB Frank Mullen
|
0-0: Foul Ball, location: 2F 0-1: Ball 1-1: Ball 2-1: Called Strike 2-2: Ball 3-2: Foul Ball, location: 2F 3-2: Ground out 3-1 (Groundball, 34S, EV 93.1 MPH)
|
|
Batting: SHB David Bantista
|
0-0: Foul Ball, location: 2F 0-1: Ball 1-1: Fly out, F9 (Flyball, 89M, EV 86.3 MPH)
|
|
Batting: RHB Ryan Alban
|
0-0: Called Strike 0-1: Swinging Strike 0-2: Strikes out looking
|
| Top of the 1st over - 0 runs, 0 hits, 0 errors, 0 left on base; Trenton 0 - New Hampshire 0 |
| BOTTOM OF THE 1ST |
|
New Hampshire Fisher Cats batting - Pitching for Trenton Thunder : LHP Armando Florez
|
|
Pitching: LHP Armando Florez
|
|
|
Batting: SHB Spencer Jones
|
0-0: Called Strike 0-1: Fly out, F8 (Flyball, 78D, EV 91.3 MPH)
|
|
Batting: RHB Donny Burnside
|
0-0: Called Strike 0-1: Foul Ball, location: 2F 0-2: Fly out, F8 (Line Drive, 8RD, EV 109.4 MPH)
|
|
Batting: SHB Eduardo Maldonado
|
0-0: Ball 1-0: Called Strike 1-1: Ball 2-1: DOUBLE (Groundball, 5L, EV 111.3 MPH)
|
|
Batting: RHB Lee McKay
|
0-0: Foul Ball, location: 2F 0-1: Ground out 5-3 (Groundball, 56, EV 95.6 MPH)
|
| Bottom of the 1st over - 0 runs, 1 hit, 0 errors, 1 left on base; Trenton 0 - New Hampshire 0 |
| TOP OF THE 2ND |
|
Trenton Thunder batting - Pitching for New Hampshire Fisher Cats : RHP Alberto Negrete
|
|
Batting: RHB Jeremy Lewis
|
0-0: Ball 1-0: Foul Ball, location: 2F 1-1: Ball 2-1: Ball 3-1: Foul Ball, location: 2F 3-2: Base on Balls
|
|
Batting: RHB Stu Rancourt
|
0-0: Called Strike Jeremy Lewis steals 2nd base 0-1: Ball 1-1: Ball 2-1: Foul Ball, location: 2F 2-2: Ball 3-2: DOUBLE (Flyball, 8RXD, EV 99.4 MPH) Jeremy Lewis scores
|
|
Batting: RHB Alex Harvey
|
0-0: Ball 1-0: Ground out 1-3 (Groundball, P, EV 68.8 MPH) Stu Rancourt to third
|
|
Batting: RHB Herb Craig
|
0-0: Ground out 4-3 (Groundball, 34D, EV 105.6 MPH) Stu Rancourt scores
|
|
Batting: RHB Jose Garza
|
0-0: Called Strike 0-1: Swinging Strike 0-2: Foul Ball, location: 2F 0-2: Ball 1-2: Strikes out swinging
|
| Top of the 2nd over - 2 runs, 1 hit, 0 errors, 0 left on base; Trenton 2 - New Hampshire 0 |
| BOTTOM OF THE 2ND |
|
New Hampshire Fisher Cats batting - Pitching for Trenton Thunder : LHP Armando Florez
|
|
Batting: RHB Danny Alberto
|
0-0: Called Strike 0-1: Ball 1-1: Foul Ball, location: 2F 1-2: Ball 2-2: Ball 3-2: Base on Balls
|
|
Batting: RHB Porter Welsh
|
0-0: Ball 1-0: Called Strike 1-1: Swinging Strike 1-2: Ball 2-2: Foul Ball, location: 2F 2-2: Ball 3-2: Foul Ball, location: 2F 3-2: Fly out, F5 (Line Drive, 5, EV 73.8 MPH)
|
|
Batting: RHB Jorge Baret
|
0-0: Called Strike Danny Alberto steals 2nd base (no throw) 0-1: Ball 1-1: Ball 2-1: Ground out 5-3 (Groundball, 56, EV 78.1 MPH)
|
|
Batting: LHB Jose Bregaro
|
0-0: Ball 1-0: Foul Ball, location: 2F 1-1: Ball 2-1: Swinging Strike 2-2: Ball 3-2: Foul Ball, location: 2F 3-2: Fly out, F8 (Flyball, 89M, EV 79.4 MPH)
|
| Bottom of the 2nd over - 0 runs, 0 hits, 0 errors, 1 left on base; Trenton 2 - New Hampshire 0 |
| TOP OF THE 3RD |
|
Trenton Thunder batting - Pitching for New Hampshire Fisher Cats : RHP Alberto Negrete
|
|
Batting: SHB Roberto Castaneda
|
0-0: Ball 1-0: Ball 2-0: Called Strike 2-1: Called Strike 2-2: Foul Ball, location: 2F 2-2: Strikes out looking
|
|
Batting: LHB Frank Mullen
|
0-0: Ball 1-0: Ball 2-0: Ball 3-0: Base on Balls
|
|
Batting: SHB David Bantista
|
0-0: Ball 1-0: Ball 2-0: Foul Ball, location: 2F 2-1: TRIPLE (Flyball, 89XD, EV 95.6 MPH) Frank Mullen scores
|
|
Batting: RHB Ryan Alban
|
0-0: Called Strike 0-1: Ball 1-1: Foul Ball, location: 2F 1-2: Strikes out looking
|
|
Batting: RHB Jeremy Lewis
|
0-0: Ball 1-0: Called Strike 1-1: Ball 2-1: Ground out 1-3 (Groundball, 13, EV 71.3 MPH)
|
| Top of the 3rd over - 1 run, 1 hit, 0 errors, 1 left on base; Trenton 3 - New Hampshire 0 |
| BOTTOM OF THE 3RD |
|
New Hampshire Fisher Cats batting - Pitching for Trenton Thunder : LHP Armando Florez
|
|
Batting: RHB Cyril Husson
|
0-0: Ball 1-0: Called Strike 1-1: Swinging Strike 1-2: Strikes out swinging
|
|
Batting: SHB Spencer Jones
|
0-0: Ball 1-0: Ball 2-0: Called Strike 2-1: Foul Ball, location: 2F 2-2: Foul Ball, location: 2F 2-2: Ball 3-2: SINGLE (Groundball, 6MD, EV 97.5 MPH)
|
|
Batting: RHB Donny Burnside
|
0-0: Ball Spencer Jones steals 2nd base (no throw) 1-0: Ground out 5-3 (Groundball, 56, EV 88.1 MPH)
|
|
Batting: SHB Eduardo Maldonado
|
0-0: Swinging Strike 0-1: Ball 1-1: Foul Ball, location: 2F 1-2: Foul Ball, location: 2F 1-2: Ball 2-2: Ball Passed Ball! Spencer Jones to third 3-2: Foul Ball, location: 2F 3-2: Base on Balls
|
|
Batting: RHB Lee McKay
|
0-0: Foul Ball, location: 2F 0-1: Ball 1-1: Ball 2-1: Ball 3-1: Base on Balls Eduardo Maldonado to second
|
|
Batting: RHB Danny Alberto
|
0-0: Called Strike 0-1: Ball 1-1: Fly out, F6 (Popup, 6, EV 79.4 MPH)
|
| Bottom of the 3rd over - 0 runs, 1 hit, 0 errors, 3 left on base; Trenton 3 - New Hampshire 0 |
| TOP OF THE 4TH |
|
Trenton Thunder batting - Pitching for New Hampshire Fisher Cats : RHP Alberto Negrete
|
|
Batting: RHB Stu Rancourt
|
0-0: Foul Ball, location: 2F 0-1: Foul Ball, location: 2F 0-2: Foul Ball, location: 2F 0-2: Foul Ball, location: 2F 0-2: Foul Ball, location: 2F 0-2: Ball 1-2: Strikes out swinging
|
|
Batting: RHB Alex Harvey
|
0-0: Ball 1-0: Ground out 4-3 (Groundball, 4, EV 93.8 MPH)
|
|
Batting: RHB Herb Craig
|
0-0: Ball 1-0: Ball 2-0: Ball 3-0: Base on Balls
|
|
Batting: RHB Jose Garza
|
0-0: Ball 1-0: Ground out 6-3 (Groundball, 6S, EV 68.8 MPH)
|
| Top of the 4th over - 0 runs, 0 hits, 0 errors, 1 left on base; Trenton 3 - New Hampshire 0 |
| BOTTOM OF THE 4TH |
|
New Hampshire Fisher Cats batting - Pitching for Trenton Thunder : LHP Armando Florez
|
|
Batting: RHB Porter Welsh
|
0-0: Ball 1-0: Called Strike 1-1: Ball 2-1: Foul Ball, location: 2F 2-2: Foul Ball, location: 2F 2-2: Ball 3-2: Fly out, F8 (Line Drive, 8RD, EV 90.0 MPH)
|
|
Batting: RHB Jorge Baret
|
0-0: Swinging Strike 0-1: Foul Ball, location: 2F 0-2: Ground out 5-3 (Groundball, 5, EV 90.6 MPH)
|
|
Batting: LHB Jose Bregaro
|
0-0: Called Strike 0-1: Ball 1-1: Ball 2-1: Swinging Strike 2-2: Strikes out swinging
|
| Bottom of the 4th over - 0 runs, 0 hits, 0 errors, 0 left on base; Trenton 3 - New Hampshire 0 |
| TOP OF THE 5TH |
|
Trenton Thunder batting - Pitching for New Hampshire Fisher Cats : RHP Alberto Negrete
|
|
Batting: SHB Roberto Castaneda
|
0-0: Ball 1-0: Foul Ball, location: 2F 1-1: Ball 2-1: Ball 3-1: Called Strike 3-2: Strikes out looking
|
|
Batting: LHB Frank Mullen
|
0-0: Swinging Strike 0-1: Foul Ball, location: 2F 0-2: Ball 1-2: Foul Ball, location: 2F 1-2: Ball 2-2: Ball 3-2: Foul Ball, location: 2F 3-2: Ground out 4-3 (Groundball, 34, EV 78.8 MPH)
|
|
Batting: SHB David Bantista
|
0-0: Foul Ball, location: 2F 0-1: Ball 1-1: Foul Ball, location: 2F 1-2: SINGLE (Groundball, 13S, EV 63.8 MPH) (infield hit)
|
|
Batting: RHB Ryan Alban
|
0-0: DOUBLE (Line Drive, 78M, EV 104.4 MPH) David Bantista to third Runner from 3rd tries for Home, SAFE, throw by LF to home
|
|
Batting: RHB Jeremy Lewis
|
0-0: Ball 1-0: Called Strike 1-1: Ball 2-1: Swinging Strike 2-2: Ball 3-2: Foul Ball, location: 2F 3-2: Strikes out looking
|
| Top of the 5th over - 1 run, 2 hits, 0 errors, 1 left on base; Trenton 4 - New Hampshire 0 |
| BOTTOM OF THE 5TH |
|
New Hampshire Fisher Cats batting - Pitching for Trenton Thunder : LHP Armando Florez
|
|
Batting: RHB Cyril Husson
|
0-0: Ball 1-0: Called Strike 1-1: Ball 2-1: Called Strike 2-2: Ball 3-2: Base on Balls
|
|
Pitching: RHP Shamar McBride
|
|
|
Batting: SHB Spencer Jones
|
0-0: Ball Cyril Husson steals 2nd base (no throw) 1-0: Called Strike 1-1: Foul Ball, location: 2F 1-2: Ball 2-2: Ground out U3 (Groundball, 3S, EV 70.6 MPH) Cyril Husson to third
|
|
Batting: RHB Donny Burnside
|
0-0: Called Strike 0-1: Foul Ball, location: 2F 0-2: Ball 1-2: Ground out 6-3 (Groundball, 6, EV 86.3 MPH) Cyril Husson scores
|
|
Batting: SHB Eduardo Maldonado
|
0-0: Swinging Strike 0-1: Ball 1-1: Ball 2-1: Fly out, F4 (Flyball, 4MD, EV 93.8 MPH)
|
| Bottom of the 5th over - 1 run, 0 hits, 0 errors, 0 left on base; Trenton 4 - New Hampshire 1 |
| TOP OF THE 6TH |
|
Trenton Thunder batting - Pitching for New Hampshire Fisher Cats : RHP Alberto Negrete
|
|
Batting: RHB Stu Rancourt
|
0-0: Called Strike 0-1: Foul Ball, location: 2F 0-2: Ball 1-2: Ground out 4-3 (Groundball, 4, EV 83.8 MPH)
|
|
Pitching: LHP Shaun Morgan
|
|
|
Batting: RHB Alex Harvey
|
0-0: Ball 1-0: Ball 2-0: SINGLE (Line Drive, 7S, EV 98.8 MPH)
|
|
Batting: RHB Herb Craig
|
0-0: Fielders Choice at 2nd, U6 (Groundball, 4M, EV 91.9 MPH)
|
|
Batting: RHB Jose Garza
|
0-0: Called Strike 0-1: Called Strike 0-2: Hit by Pitch Herb Craig to second
|
|
Batting: SHB Roberto Castaneda
|
0-0: Fielders Choice at 2nd, 6-4 (Groundball, 6, EV 103.1 MPH)
|
| Top of the 6th over - 0 runs, 1 hit, 0 errors, 2 left on base; Trenton 4 - New Hampshire 1 |
| BOTTOM OF THE 6TH |
|
New Hampshire Fisher Cats batting - Pitching for Trenton Thunder : RHP Shamar McBride
|
|
Batting: LHB Rodrigo Briceno
|
0-0: Ball 1-0: Called Strike 1-1: Foul Ball, location: 2F 1-2: Foul Ball, location: 2F 1-2: Fly out, F7 (Flyball, 78S, EV 91.9 MPH)
|
|
Batting: RHB Danny Alberto
|
0-0: Ball 1-0: Ball 2-0: Called Strike 2-1: Ground out 6-3 (Groundball, 6MD, EV 91.9 MPH)
|
|
Batting: RHB Porter Welsh
|
0-0: Ball 1-0: Ball 2-0: Ball 3-0: Called Strike 3-1: Base on Balls
|
|
Batting: RHB Jorge Baret
|
0-0: Ball 1-0: Ball Porter Welsh steals 2nd base 2-0: Called Strike 2-1: Fly out, F6 (Flyball, 6D, EV 83.8 MPH)
|
| Bottom of the 6th over - 0 runs, 0 hits, 0 errors, 1 left on base; Trenton 4 - New Hampshire 1 |
| TOP OF THE 7TH |
|
Trenton Thunder batting - Pitching for New Hampshire Fisher Cats : LHP Shaun Morgan
|
|
Batting: LHB Frank Mullen
|
0-0: Swinging Strike 0-1: Ball 1-1: Foul Ball, location: 2F 1-2: Ball 2-2: Ground out 5-3 (Groundball, 56S, EV 85.0 MPH)
|
|
Batting: SHB David Bantista
|
0-0: Ball 1-0: Ground out 2-3 (Groundball, 2L, EV 63.8 MPH)
|
|
Batting: RHB Ryan Alban
|
0-0: Ball 1-0: Ball 2-0: Ball 3-0: Base on Balls
|
|
Batting: RHB Jeremy Lewis
|
0-0: Ball 1-0: Fielders Choice at 2nd, 5-4 (Groundball, 5, EV 107.5 MPH)
|
| Top of the 7th over - 0 runs, 0 hits, 0 errors, 1 left on base; Trenton 4 - New Hampshire 1 |
| BOTTOM OF THE 7TH |
|
New Hampshire Fisher Cats batting - Pitching for Trenton Thunder : RHP Shamar McBride
|
|
Pitching: RHP Nick Howard
|
|
|
Batting: LHB Jose Bregaro
|
0-0: Fly out, F9 (Flyball, 9, EV 85.0 MPH)
|
|
Batting: RHB Cyril Husson
|
0-0: Ball 1-0: Called Strike 1-1: Ground out 5-3 (Groundball, 56, EV 86.3 MPH)
|
|
Batting: SHB Spencer Jones
|
0-0: Foul Ball, location: 2F 0-1: Ground out 6-3 (Groundball, 4M, EV 87.5 MPH)
|
| Bottom of the 7th over - 0 runs, 0 hits, 0 errors, 0 left on base; Trenton 4 - New Hampshire 1 |
| TOP OF THE 8TH |
|
Trenton Thunder batting - Pitching for New Hampshire Fisher Cats : LHP Shaun Morgan
|
|
Batting: RHB Stu Rancourt
|
0-0: Called Strike 0-1: Ball 1-1: Foul Ball, location: 2F 1-2: Ground out U3 (Groundball, 3, EV 88.8 MPH)
|
|
Batting: RHB Alex Harvey
|
0-0: Foul Ball, location: 2F 0-1: Ball 1-1: Foul Ball, location: 2F 1-2: Ball 2-2: Foul Ball, location: 2F 2-2: Ball 3-2: DOUBLE (Flyball, 78XD, EV 112.5 MPH)
|
|
Batting: RHB Herb Craig
|
0-0: Called Strike 0-1: Ball 1-1: Ground out 3-1 (Groundball, 34S, EV 75.0 MPH) Alex Harvey to third
|
|
Pitching: RHP Doug Seliger
|
|
|
Batting: RHB Jose Garza
|
0-0: Ball 1-0: Swinging Strike 1-1: Ball 2-1: Foul Ball, location: 2F 2-2: Ball 3-2: Strikes out swinging
|
| Top of the 8th over - 0 runs, 1 hit, 0 errors, 1 left on base; Trenton 4 - New Hampshire 1 |
| BOTTOM OF THE 8TH |
|
New Hampshire Fisher Cats batting - Pitching for Trenton Thunder : RHP Nick Howard
|
|
Batting: RHB Donny Burnside
|
0-0: Ball 1-0: Foul Ball, location: 2F 1-1: Ball 2-1: Ball 3-1: Foul Ball, location: 2F 3-2: Base on Balls
|
|
Batting: SHB Eduardo Maldonado
|
0-0: Ball 1-0: Fielders Choice at 2nd, 3-6 (Groundball, 34S, EV 84.4 MPH)
|
|
Batting: LHB Rodrigo Briceno
|
0-0: Ball 1-0: Ball 2-0: Called Strike 2-1: SINGLE (Groundball, 4MD, EV 100.0 MPH) Eduardo Maldonado to second Runner from 2nd tries for 3rd, SAFE, throw by CF made to third
|
|
Pinch Hitting: LHB Ray Whitehead
|
0-0: Ball 1-0: Ball 2-0: Foul Ball, location: 2F 2-1: Foul Ball, location: 2F 2-2: Strikes out looking
|
|
Batting: RHB Porter Welsh
|
0-0: Ground out 2-3 (Groundball, 2R, EV 76.3 MPH)
|
| Bottom of the 8th over - 0 runs, 1 hit, 0 errors, 2 left on base; Trenton 4 - New Hampshire 1 |
| TOP OF THE 9TH |
|
Trenton Thunder batting - Pitching for New Hampshire Fisher Cats : RHP Doug Seliger
|
|
Now in LF: Ray Whitehead
|
|
|
Now in CF: Jorge Baret
|
|
|
Batting: SHB Roberto Castaneda
|
0-0: Called Strike 0-1: Ball 1-1: Foul Ball, location: 2F 1-2: Strikes out swinging
|
|
Batting: LHB Frank Mullen
|
0-0: Ball 1-0: Ball 2-0: Ball 3-0: Base on Balls
|
|
Batting: SHB David Bantista
|
0-0: Ball 1-0: Ball 2-0: Ball 3-0: Called Strike 3-1: Swinging Strike 3-2: Strikes out swinging
|
|
Batting: RHB Ryan Alban
|
0-0: Called Strike Frank Mullen steals 2nd base 0-1: Foul Ball, location: 2F 0-2: Ball 1-2: Foul Ball, location: 2F 1-2: Ball 2-2: Foul Ball, location: 2F 2-2: Reached on error, E6 (Groundball, 6, EV 83.1 MPH) Frank Mullen to third
|
|
Batting: RHB Jeremy Lewis
|
0-0: Called Strike 0-1: Ball 1-1: SINGLE (Groundball, 56D, EV 109.4 MPH) Frank Mullen scores Ryan Alban to second
|
|
Batting: RHB Stu Rancourt
|
0-0: Ball 1-0: Ball 2-0: Ground out 3-1 (Groundball, 34S, EV 89.4 MPH)
|
| Top of the 9th over - 1 run, 1 hit, 1 error, 2 left on base; Trenton 5 - New Hampshire 1 |
| BOTTOM OF THE 9TH |
|
New Hampshire Fisher Cats batting - Pitching for Trenton Thunder : RHP Nick Howard
|
|
Batting: RHB Jorge Baret
|
0-0: Ball 1-0: Ball 2-0: Called Strike 2-1: SINGLE (Groundball, 4MD, EV 100.0 MPH)
|
|
Batting: LHB Jose Bregaro
|
0-0: Called Strike 0-1: Ball 1-1: Ball 2-1: Ball 3-1: Called Strike 3-2: Foul Ball, location: 2F 3-2: Foul Ball, location: 2F 3-2: Fielders Choice at 2nd, 1-4 (Groundball, 25, EV 65.6 MPH)
|
|
Batting: RHB Cyril Husson
|
0-0: Swinging Strike 0-1: Ball 1-1: Swinging Strike 1-2: Fly out, F8 (Flyball, 8LS, EV 83.8 MPH)
|
|
Batting: SHB Spencer Jones
|
0-0: Ground out U3 (Groundball, 3, EV 81.9 MPH)
|
| Bottom of the 9th over - 0 runs, 1 hit, 0 errors, 1 left on base; Trenton 5 - New Hampshire 1 |
|